 Dungeon Crawl Stone Soup version 0.29-a0-233-g1125b37a9b (webtiles) character file.

Game seed: 16346842793871284810

130 sammy202020 the Skirmisher (level 5, 0/49 HPs)
             Began as a Gargoyle Berserker on Mar 1, 2022.
             Was a Believer of Trog.
             Slain by a wight
             ... wielding a +3 morningstar
              (7 damage)
             ... on level 3 of the Dungeon.
             The game lasted 00:05:05 (1867 turns).

sammy202020 the Skirmisher (Gargoyle Berserker)     Turns: 1867, Time: 00:05:06

Health: 0/49       AC: 17    Str: 23    XL:     5   Next: 14%
Magic:  5/5        EV: 10    Int:  7    God:    Trog [**....]
Gold:   131        SH:  0    Dex:  9    Spells: 4/4 levels left

rFire   . . .      SeeInvis .   a - +0 mace
rCold   + . .      Faith    .   (no shield)
rNeg    + . .      Spirit   .   e - +3 scale mail
rPois   ∞          Reflect  .   i - +2 helmet
rElec   +          Harm     .   (no cloak)
rCorr   .          Rampage  .   (no gloves)
Will    .....                   (no boots)
Stlth   ..........              (no amulet)
HPRegen 0.16/turn               n - ring of protection from cold
MPRegen 0.09/turn               (no ring)

@: berserking, very quick
A: sickness immunity, AC +4, negative energy resistance 1, electricity
resistance, torment resistance 1, petrification resistance
a: Renounce Religion, Berserk, Trog's Hand


You were on level 3 of the Dungeon.
You worshipped Trog.
Trog was pleased with you.
You visited 1 branch of the dungeon, and saw 3 of its levels.

You collected 131 gold pieces.

Inventory:

Hand Weapons
 a - a +0 mace (weapon)
Missiles
 j - 3 boomerangs (quivered)
Armour
 b - a +0 animal skin
 e - a +3 scale mail (worn)
 i - a +2 helmet (worn)
Jewellery
 n - a ring of protection from cold (left hand)
Scrolls
 d - 2 scrolls of holy word {unknown}
 f - a scroll of amnesia {unknown}
 h - 6 scrolls of identify {unknown}
 m - a scroll of enchant armour {unknown}
 o - a scroll of immolation {unknown}
Potions
 c - 3 potions of curing {unknown}
 g - a potion of brilliance {unknown}
 k - a potion of resistance {unknown}
 l - a potion of magic {unknown}


   Skills:
 + Level 4.2 Fighting
 + Level 3.7 Maces & Flails
 + Level 3.3 Armour
 + Level 2.5 Dodging


You had 4 spell levels left.
You didn't know any spells.
Your spell library was empty.

Dungeon Overview and Level Annotations

Branches:
Dungeon (3/15)

Altars:
Xom

Shops:
D:1 [   D:2 =


Innate Abilities, Weirdness & Mutations

You are immune to sickness and miasma.
Your stone body is resilient. (AC +4)
You are immune to poison.
You resist negative energy. (rN+)
You are resistant to electric shocks. (rElec)
You are resistant to unholy torment.
You are immune to petrification.


Message History

You kill the frilled lizard!
Trog accepts your kill.
You completely miss the wight. The wight barely misses you.
The wight misses you.
You hit the wight but do no damage.
The wight is moderately damaged.
The wight hits you but does no damage. The wight barely misses you.
You hit the wight.
The wight is moderately damaged.
The wight hits you but does no damage. x2
You hit the wight.
The wight is moderately damaged.
The wight hits you with a +0 hand axe.
The wight hits you with a +3 morningstar.
* * * LOW HITPOINT WARNING * * *
You hit the wight.
The wight is moderately damaged.
The wight hits you but does no damage. The wight closely misses you.
A red film seems to cover your vision as you go berserk!
You feel yourself moving faster!
You feel mighty! The wight hits you with a +0 hand axe!
* * * LOW HITPOINT WARNING * * *
The wight barely misses you.
You closely miss the wight.
The wight is moderately damaged.
The wight misses you. The wight hits you but does no damage.
You barely miss the wight.
The wight is moderately damaged.
The wight misses you. The wight closely misses you.
You hit the wight.
The wight is heavily damaged.
The wight hits you but does no damage. x2
You sock the wight!
You destroy the wight!
Trog accepts your kill. The wight hits you but does no damage.
You have reached level 5!
You closely miss the wight.
The wight hits you with a +3 morningstar!
You die...

...#
#.............#
#..#
####...######.#
..# ##.#####
..# #.....>#
..# #..###.#
##...##.## #
.........##!#
##.........#.#
#........@z.#
##...##.#)###
#### #.#.#
#.:.#
#...........#
#.####.####.# #
..# .>. ...)


You could see a wight.

Vanquished Creatures
  A wight (D:3)
  2 adders (D:2)
  A worm (D:2)
  3 dart slugs
  4 endoplasms (D:2)
  11 giant cockroaches (D:2)
  4 hobgoblins
  A kobold (D:1)
  4 quokkas
  3 ball pythons
  3 bats (D:1)
  4 frilled lizards
  3 goblins
  7 rats
51 creatures vanquished.

Notes
Turn   | Place    | Note
-------+----------+-------------------------------------------
     0 | D:1      | sammy202020 the Gargoyle Berserker began the quest for the
                  | Orb.
     0 | D:1      | Reached XP level 1. HP: 14/14 MP: 1/1
    92 | D:1      | Found Zuycakey's Antique Armour Emporium.
   261 | D:1      | Found a faded altar of an unknown god.
   286 | D:1      | Reached XP level 2. HP: 19/19 MP: 2/2
   782 | D:2      | Found Abruomic's Jewellery Emporium.
   789 | D:2      | You fall into a shaft and drop 1 floor!
   807 | D:2      | Reached XP level 3. HP: 23/23 MP: 3/3
   859 | D:2      | Reached ** piety under Trog
  1087 | D:2      | Found a shimmering altar of Xom.
  1169 | D:2      | Reached XP level 4. HP: 29/29 MP: 4/4
  1293 | D:2      | Reached skill level 4 in Fighting
  1867 | D:3      | Reached XP level 5. HP: 7/33 MP: 5/5
  1867 | D:3      | Slain by a wight

Illustrated notes

Levels and vault maps discovered:
D:1:      ebering_trefoil_twist, layout_basic, serial_shops,
          nicolae_shop_temple_entry_statues_fountains,
          chequers_ecumenical_altar_simple_redux, hangedman_decor_growths,
          nicolae_concentric_dashed_squares_wild, st_stairs_14
D:2:      minmay_roachtagon, layout_basic, serial_shops,
          nicolae_shop_hallway_plus, basic_altar, minmay_unequal
D:3:      layout_loops_ring, yredelemnul_forgotten_temple_becter,
          gammafunk_ghost_smash, minmay_misc_feat_roman, amethyst_killhole,
          uniq_crazy_yiuf_cottage

Skill      XL: |  1  2  3  4 |
---------------+-------------+-----
Dodging        | 2 |  2.5
Armour         | 3 |  3.3
Fighting       | 4 |  4.2
Maces & Flails | |  3.7

Action                   |  1- 3 |  4- 6 || total
-------------------------+-------+-------++-------
Melee: Mace              |   105 |    59 ||   164
       Punch             |       |     1 ||     1
Throw: Boomerang         |     3 |     4 ||     7
Invok: Berserk           |       |     1 ||     1
 Stab: Sleeping          |     1 |       ||     1
Armor: Animal skin       |     4 |       ||     4
       Scale mail        |    73 |    26 ||    99
Dodge: Dodged            |    88 |    47 ||   135

Table legend: (Time is in decaauts)
 A = Elapsed time spent in this place.
 B = Non-inter-level travel time spent in this place.
 C = Inter-level travel time spent in this place.
 D = Time resting spent in this place.
 E = Time spent auto-exploring this place.
 F = Levels seen in this place.
 G = Mean time per level.
                   A        B        C        D        E       F      G
               +--------+--------+--------+--------+--------+-----+--------+
         Total |   1905 |   1868 |     37 |      0 |   1446 |   3 |  635.0 |
       Dungeon |   1905 |   1868 |     37 |      0 |   1446 |   3 |  635.0 |
               +--------+--------+--------+--------+--------+-----+--------+

Top non-repeatable levels by time:
     D:2: 1092 daAuts
     D:1: 733 daAuts
     D:3: 80 daAuts
